 Dungeon Crawl Stone Soup version 0.26-a0-859-gf57989e088 (webtiles) character file.

Game seed: 18262302007500613347

291 EWolf27 the Digger (level 6, 0/35 HPs)
             Began as a Gargoyle Earth Elementalist on Nov 25, 2020.
             Was a Follower of Zin.
             Killed from afar by an orc wizard (6 damage)
             ... with a magic dart
             ... on level 3 of the Dungeon.
             The game lasted 00:26:26 (5387 turns).

EWolf27 the Digger (Gargoyle Earth Elementalist)    Turns: 5387, Time: 00:26:26

Health: 0/35       AC:  9    Str: 12    XL:     6   Next: 32%
Magic:  9/10       EV: 26    Int: 17    God:    Zin [*.....]
Gold:   206        SH:  0    Dex: 10    Spells: 2/11 levels left

rFire    . . .     SeeInvis .   f - +0 flail (protect)
rCold    . . .     Faith    .   (no shield)
rNeg     + . .     Spirit   .   e - +0 leather armour
rPois    ∞         Reflect  .   q - +1 hat
rElec    +         Harm     .   v - +0 cloak
rCorr    .         Rampage  .   (no gloves)
MR       .....                  (no boots)
Stlth    ++........             n - amulet of the acrobat
HPRegen  0.11/turn              (no ring)
MPRegen  0.12/turn              (no ring)

@: acrobat
A: negative energy resistance 1, electricity resistance, unbreathing,
petrification resistance, rot immunity, AC +4
a: Recite, Donate Gold, Renounce Religion


You were on level 3 of the Dungeon.
You worshipped Zin.
Zin was aware of your devotion.
You visited 1 branch of the dungeon, and saw 4 of its levels.

You collected 228 gold pieces.
You donated 22 gold pieces to Zin.

Inventory:

Hand Weapons
 a - a +0 whip
 f - a +0 flail of protection (weapon)
 w - a +2 dagger of holy wrath
Missiles
 b - 86 stones (quivered)
 r - 8 javelins
Armour
 e - a +0 leather armour (worn)
 j - a +0 helmet
 q - a +1 hat (worn)
 v - a +0 cloak (worn)
Magical Staves
 c - an uncursed staff of cold
Jewellery
 n - an amulet of the acrobat (around neck)
Scrolls
 d - 3 scrolls of teleportation
 i - a scroll of blinking {unknown}
 k - 3 scrolls of identify
 o - 3 scrolls of remove curse
 t - a scroll of fear {unknown}
 u - a scroll of enchant armour {unknown}
 x - a scroll of amnesia {unknown}
Potions
 g - 2 potions of ambrosia
 h - a potion of brilliance
 l - 2 potions of might
 m - a potion of invisibility {unknown}
 p - a potion of lignification {unknown}
 s - a potion of curing {unknown}


   Skills:
 + Level 1.8 Fighting
 - Level 1.5 Dodging
 - Level 3.0 Stealth
 + Level 3.1 Spellcasting
 * Level 3.4 Conjurations
 - Level 0.7 Transmutations
 + Level 5.5 Earth Magic


You had 2 spell levels left.
You knew the following spells:

 Your Spells              Type           Power        Failure   Level
a - Sandblast             Erth           ###...       2%          1
b - Stone Arrow           Conj/Erth      ###...       11%         3
c - Lee's Rapid Deconstr  Erth           ###.......   52%         5

Your spell library contained the following spells:

 Spells                   Type           Power        Failure   Level
 Passwall                 Tmut/Erth      ##......     9%          2
 Petrify                  Tmut/Erth      ##......     52%         4


Dungeon Overview and Level Annotations

Branches:
Dungeon (4/15)
 Temple: D:4-7

Altars:
Elyvilon
Kikubaaqudgha
Makhleb
Nemelex Xobeh
Wu Jian
Zin

Annotations:
D:3 rando orcs left behind


Innate Abilities, Weirdness & Mutations

You are resistant to torment.
Your stone body is resilient. (AC +4)
You are immune to poison.
You resist negative energy. (rN+)
You are resistant to electric shocks. (rElec)
You can survive without breathing.
You are immune to petrification.
You are immune to rotting.


Message History

Unknown command.
Casting: Sandblast (safe; 2% risk of failure)
Confirm with . or Enter, or press ? or * to list all spells.
Press: ? - help, Shift-Dir - straight line
b - 86 stones Something hits you but does no damage.
Something barely misses you.
Items here: ) [[ ÷.
There is a stone staircase leading up here.
Something hits you but does no damage.
You climb upwards.
Level annotation: rando orcs left behind Reactivating autopickup.
There is a stone staircase leading down here.
You start resting.
You hear some strange, mumbled words.
A magic dart appears from out of thin air!
Deactivating autopickup; reactivate with Ctrl-A.
The magic dart hits you.
You die...

.# #.# #.# #.##......#.## .####
##.## #.# #....###.....#
.##.####...### #.# ###..#
#....#. ...#[......).###.# #..#
#....##
#.###.##....>[...#####..#
#.#.## ..#
##.......[..........###.#.#
#.###.##...#.###............#.#
...#......##.###.####...#####.#
..#..###.#....).@.......# #.#
...........#.###{###....# #)#
....####...#.#..........# #.#
..#.# #...#...#.###...######.#
....# ##.........# ##.........#
.######.###.....## ###########
## #.o.## ##....# # #.#.#
#...## #o#.## ##..##


There were no monsters in sight!

Vanquished Creatures
  5 orc wizards
  A worker ant (D:3)
  3 adders (D:2)
  An ooze (D:2)
  A worm (D:3)
  2 dart slugs
  3 leopard geckos (D:1)
  5 orcs
  3 giant cockroaches
  6 goblins
  6 hobgoblins
  10 jackals
  A ball python (D:3)
  9 bats
  6 frilled lizards
  12 kobolds
  A quokka skeleton (D:4)
  10 rats
85 creatures vanquished.

Notes
Turn   | Place    | Note
-------+----------+-------------------------------------------
     0 | D:1      | EWolf27 the Gargoyle Earth Elementalist began the quest for
                  | the Orb.
     0 | D:1      | Reached XP level 1. HP: 10/10 MP: 3/3
   374 | D:1      | Reached skill level 4 in Earth Magic
   374 | D:1      | Reached XP level 2. HP: 15/15 MP: 3/5
   655 | D:1      | Reached XP level 3. HP: 17/19 MP: 6/6
   824 | D:1      | Learned a level 3 spell: Stone Arrow
  1668 | D:2      | Reached skill level 1 in Conjurations
  1717 | D:2      | Found an ancient bone altar of Kikubaaqudgha.
  1815 | D:2      | Reached XP level 4. HP: 24/24 MP: 7/7
  2219 | D:2      | You fall into a shaft and drop 1 floor!
  2259 | D:3      | Found an ornate altar of the Wu Jian Council.
  2266 | D:3      | Found a sparkling altar of Nemelex Xobeh.
  2470 | D:2      | Reached skill level 5 in Earth Magic
  3877 | D:3      | Found a white marble altar of Elyvilon.
  3927 | D:3      | Found a burning altar of Makhleb.
  3933 | D:3      | Noticed a cacodemon
  4097 | D:3      | Reached XP level 5. HP: 28/28 MP: 8/8
  4149 | D:3      | Found a glowing silver altar of Zin.
  4149 | D:3      | Noticed an angel
  4170 | D:3      | Became a worshipper of Zin the Law-Giver
  4170 | D:3      | Reached * piety under Zin
  4564 | D:3      | Learned a level 5 spell: Lee's Rapid Deconstruction
  4584 | D:4      | Noticed an orc warrior
  4595 | D:3      | Reached skill level 1 in Fighting
  5164 | D:4      | Reached XP level 6. HP: 34/34 MP: 6/10
  5387 | D:3      | Killed from afar by an orc wizard

Illustrated notes

Levels and vault maps discovered:
D:1:      saegor_arrival_simple_e, layout_loops_ring, minmay_domino_2
D:2:      layout_loops_ring, kiku_gazebo_pond_becter
D:3:      layout_loops_ring, grunt_temple_overflow_order_and_chaos_2,
          elyvilon_altar_3, grunt_temple_overflow_open
D:4:      layout_rooms, dancing_weapons_uskayaw, corexii_checkpoint_b,
          minmay_surrounded

Skill      XL: |  1  2  3  4  5  6 |
---------------+-------------------+-----
Earth Magic    | 4 5 |  5.5
Conjurations   | 1 2 3 |  3.4
Stealth        | 3 |  3.0
Fighting       | 1 |  1.8
Spellcasting   | 3 |  3.1
Dodging        | |  1.5
Transmutations | |  0.7

Action                   |  1- 3 |  4- 6 || total
-------------------------+-------+-------++-------
Melee: Unarmed           |     5 |       ||     5
       Club              |    84 |    87 ||   171
       Flail             |       |    62 ||    62
       Whip              |       |    10 ||    10
 Cast: Sandblast         |    32 |    45 ||    77
  Use: Scroll            |       |     8 ||     8
 Stab: Sleeping          |     2 |     3 ||     5
Armor: Robe              |     5 |       ||     5
       Leather armour    |    52 |   110 ||   162
Dodge: Dodged            |    95 |   125 ||   220

Table legend: (Time is in decaauts)
 A = Elapsed time spent in this place.
 B = Non-inter-level travel time spent in this place.
 C = Inter-level travel time spent in this place.
 D = Time resting spent in this place.
 E = Time spent auto-exploring this place.
 F = Levels seen in this place.
 G = Mean time per level.
                   A        B        C        D        E       F      G
               +--------+--------+--------+--------+--------+-----+--------+
         Total |   5474 |   5255 |    219 |   2278 |   1081 |   4 | 1368.5 |
       Dungeon |   5474 |   5255 |    219 |   2278 |   1081 |   4 | 1368.5 |
               +--------+--------+--------+--------+--------+-----+--------+

Top non-repeatable levels by time:
     D:3: 1860 daAuts
     D:2: 1756 daAuts
     D:1: 1602 daAuts
     D:4: 255 daAuts
